 Dungeon Crawl Stone Soup version 0.20-a0-972-gb9bd3e6 (webtiles) character file.

590019 4thArraOfDagon the Shatterer (level 26, 0/192 HPs)
             Began as a Mummy Wanderer on Apr 7, 2017.
             Was a High Priest of Okawaru.
             Slain by a death scarab (12 damage)
             ... on level 1 of the Tomb of the Ancients on Apr 9, 2017.
             The game lasted 04:10:02 (48347 turns).

4thArraOfDagon the Shatterer (Mummy Wanderer)      Turns: 48347, Time: 04:10:03

Health: 0/192      AC: 21    Str: 15 (17) XL:     26   Next: 65%
Magic:  36/39      EV: 24    Int: 20      God:    Okawaru [*****.]
Gold:   733        SH:  0    Dex: 21      Spells: 12/50 levels left

rFire    . . .     SeeInvis +   s - +6 great mace of Perfectionism {crush, rC++ Int-3 SInv}
rCold    + + +     Gourm    .   (shield currently unavailable)
rNeg     + + +     Faith    .   j - +4 scale mail "Wacilesh" {rElec Regen+ rCorr Dex+4}
rPois    ∞         Spirit   .   i - +0 mask of the Dragon {MR+ Slay+3 SInv}
rElec    +         Reflect  .   W - scarf {rC+ rF+}
rCorr    +         Harm     .   P - +1 pair of gloves {Dex+3}
MR       ++++.                  v - +0 pair of boots {run}
Stlth    +++.......             q - amulet "Ciapt" {+Blink Regen+ Stlth+}
Regen    1.3/turn               H - ring of Jeymefa {Str+2 Int+2 Slay+3}
MPRegen  0.3/turn               O - +3 ring of slaying

@: heroism, very slightly contaminated, slowed, very slow
A: no food or potions, fire vulnerability, cold resistance 1, negative energy
resistance 3, torment resistance, unbreathing, in touch with death 2
}: 2/15 runes: serpentine, barnacled
a: Heroism, Finesse, Renounce Religion, Evoke Blink


You were on level 1 of the Tomb of the Ancients.
You worshipped Okawaru.
Okawaru was extremely pleased with you.
You were not hungry.

You visited 10 branches of the dungeon, and saw 48 of its levels.
You also visited: Labyrinth, Ice Cave and Wizlab.

You collected 7212 gold pieces.
You spent 6479 gold pieces at shops.

Inventory:

Hand Weapons
 b - a +1 eveningstar of freezing
 s - the +6 great mace of Perfectionism (weapon) {crush, rC++ Int-3 SInv}
   (Okawaru gifted it to you on level 15 of the Dungeon)

   It inflicts extra damage upon your enemies.
   It affects your intelligence (-3).
   It greatly protects you from cold.
   It lets you see invisible.
 S - the +7 great mace of Tenacity {freeze, rF+ Dex+4}
   (Okawaru gifted it to you on level 3 of the Snake Pit)

   It has been specially enchanted to freeze those struck by it, causing extra
   injury to most foes and up to half again as much damage against particularly
   susceptible opponents.
   It can also slow down cold-blooded creatures.
   It affects your dexterity (+4).
   It protects you from fire.
Missiles
 a - 4 throwing nets (quivered)
 Y - 13 tomahawks of dispersal
Armour
 i - the +0 mask of the Dragon (worn) {MR+ Slay+3 SInv}
   (You bought it in a shop on level 3 of the Depths)

   It affects your accuracy and damage with ranged weapons and melee attacks
   (+3).
   It affects your resistance to hostile enchantments.
   It lets you see invisible.
 j - the +4 scale mail "Wacilesh" (worn) {rElec Regen+ rCorr Dex+4}
   (You bought it in a shop on level 3 of the Depths)

   It affects your dexterity (+4).
   It insulates you from electricity.
   It increases your rate of regeneration.
   It protects you from acid and corrosion.
 v - a +0 pair of boots of running (worn)
 B - the +0 helmet "Doyxodgh" {Dex+6}
   (Okawaru gifted it to you on level 1 of the Vaults)

   It affects your dexterity (+6).
 K - the +2 hat of the Soldier {rF+++ MP-9 Str+4 Stlth+}
   (You found it on level 2 of the Vaults)

   It affects your strength (+4).
   It renders you almost immune to fire.
   It affects your magic capacity (-9).
   It makes you more stealthy.
 L - +0 fire dragon scales
 P - a +1 pair of gloves of dexterity (worn)
 W - a scarf of resistance (worn)
 Z - a +2 shield of reflection
Magical Staves
 e - an uncursed staff of wizardry {!a}
Jewellery
 f - an uncursed ring of fire
 k - an uncursed ring of protection from magic
 q - the amulet "Ciapt" (around neck) {+Blink Regen+ Stlth+}
   (You took it off a deep elf elementalist on level 3 of the Elven Halls)

   [amulet of regeneration]

   It lets you blink.
   It increases your rate of regeneration.
   It makes you more stealthy.
 w - an uncursed ring of wizardry
 H - the ring of Jeymefa (left hand) {Str+2 Int+2 Slay+3}
   (You found it on level 3 of the Elven Halls)

   [ring of intelligence]

   It affects your strength (+2).
   It affects your intelligence (+2).
   It affects your accuracy and damage with ranged weapons and melee attacks
   (+3).
 O - a +3 ring of slaying (right hand)
Wands
 c - a wand of confusion (2/48)
 y - a wand of digging (6/24)
 C - a wand of scattershot (3/9)
 E - a wand of acid (11/15)
 F - a wand of paralysis (10/24)
 J - a wand of disintegration (3/24)
 R - a wand of paralysis (8/24)
 T - a wand of confusion (26/48)
Scrolls
 l - 7 scrolls of teleportation
 n - 3 scrolls of summoning
 o - 4 scrolls of magic mapping
 p - 3 scrolls of fog
 r - 5 scrolls of identify
 t - 3 scrolls of blinking
 u - 8 scrolls of enchant weapon
 x - 2 scrolls of silence
 A - a scroll of recharging
 G - 2 scrolls of fear
 I - 2 scrolls of torment
 Q - 4 scrolls of immolation
 V - 10 scrolls of remove curse
 X - 2 scrolls of enchant armour
Books
 d - a book of the Warp

   Spells                             Type                      Level
   a - Gell's Gravitas                Translocation                3
   b - Portal Projectile              Hexes/Translocation          3
   c - Force Lance                    Conjuration/Translocation    4
   d - Dispersal                      Translocation                6
   e - Controlled Blink               Translocation                8
   f - Disjunction                    Translocation                8
Miscellaneous
 g - a lamp of fire (inert)
 h - 2 sacks of spiders
 m - a phial of floods
 z - a phantom mirror
 D - a lightning rod (3/4)
 M - a fan of gales
 N - a crystal ball of energy
 U - 2 boxes of beasts


   Skills:
 - Level 12.3(17.3) Fighting
 - Level 22.0(27) Maces & Flails
 + Level 19.2(24.2) Armour
 - Level 14.0(19.0) Dodging
 - Level 1.5(6.5) Stealth
 - Level 4.0(9.0) Unarmed Combat
 - Level 12.5 Spellcasting
 - Level 9.3 Hexes
 - Level 10.1 Necromancy
 * Level 11.5 Translocations
 - Level 8.8 Air Magic
 - Level 10.6 Invocations
 - Level 13.1 Evocations


You had 12 spell levels left.
You knew the following spells:

 Your Spells              Type           Power        Failure   Level  Hunger
a - Blink                 Tloc           N/A          1%          2    N/A
b - Mephitic Cloud        Conj/Pois/Air  ###.....     12%         3    N/A
c - Swiftness             Chrm/Air       ####....     2%          2    N/A
d - Vampiric Draining     Necr           #######...   1%          3    N/A
e - Aura of Abjuration    Summ           ##........   100%        5    N/A
f - Passwall              Tmut/Erth      ##........   17%         2    N/A
g - Silence               Hex/Air        #####.....   10%         5    N/A
h - Controlled Blink      Tloc           N/A          100%        8    N/A
i - Control Undead        Necr           #######...   1%          4    N/A
j - Animate Dead          Necr           N/A          1%          4    N/A

Dungeon Overview and Level Annotations

Branches:
Dungeon (15/15)            Temple (0/1) D:7            Lair (6/6) D:10
 Shoals (4/4) Lair:3        Snake (4/4) Lair:2        Slime (0/5) Lair:6
    Orc (2/2) D:10            Elf (3/3) Orc:2        Vaults (4/5) D:13
  Crypt (3/3) Vaults:3       Tomb (2/3) Crypt:3      Depths (5/5) D:15
    Zot (0/5) Depths:5

Altars:
Cheibriados
Dithmenos
Fedhas
Hepliaklqana
Kikubaaqudgha
Makhleb
Okawaru
Ru
Trog
Uskayaw
Vehumet
Zin

Shops:
D:4 [   D:13 [   Orc:1 !   Orc:2 [:[(*   Elf:1 (   Snake:3 ![:(   Vaults:2 }
Vaults:3 *   Vaults:4 [   Depths:3 [*

Portals:
Hell: Depths:1 Depths:2 Depths:4
Abyss: Depths:1 Depths:4
Pandemonium: Depths:2 Depths:3 Depths:5
Ziggurat: Depths:1
Trove: D:13 (give +4 fire dragon scales)

Annotations:
D:6 Blork the orc; krabocopter's ghost, amateur BuWn
D:9 Gastronok
D:11 Josephine
Lair:3 KRAKEN DEN
Shoals:3 Mara
Depths:5 Mennas


Innate Abilities, Weirdness & Mutations

You do not eat or drink.
Your flesh is vulnerable to fire.
You are immune to poison.
Your flesh is cold resistant. (rC+)
You are immune to negative energy. (rN+++)
You are immune to unholy pain and torment.
You can survive without breathing.
You are strongly in touch with the powers of death.


Message History

A mummy priest and 4 death scarabs come into view.
Unknown command.
Unknown command.
Unknown command.
Blink to where?
Press: ? - help, Dir - move target cursor
As you read the scroll of blinking, it crumbles to dust.
The death scarab misses you.
The mummy priest mumbles some strange prayers to its god.
Unknown command.
Unknown command.
The death scarab closely misses you. The death scarab completely misses you.
The death scarab misses you.
The death scarab bites you but does no damage.
The death scarab closely misses you.
The mummy priest invokes the aid of its god against you.
Something smites you!
* * * LOW HITPOINT WARNING * * *
The death scarab bites you!
You die...

###############
............s@#
...........sss#
.......(......#
............Z.#
............W#
###......M..#
########.......z.#
......##..§......#
..[...##.........#


You could see a mummy priest, a flayed ghost, a spectral swamp dragon, 4 death
scarabs and a flying skull.

Vanquished Creatures
  6 juggernauts (Depths:4)
  An ancient lich (Depths:4)
  22 greater mummies
  Boris (Depths:3)
  Margery (Vaults:3)
  Bai Suzhen (Snake:4)
  Saint Roka (Depths:3)
  Vashnia (Snake:4)
  Nikola (Depths:2)
  4 golden dragons
  Jory (Depths:4)
  4 tentacled monstrosities (Depths:4)
  A shard shrike skeleton (Crypt:3)
  11 liches
  A deep elf blademaster (Depths:2)
  A deep elf master archer (Elf:3)
  4 ancient champions
  4 shadow dragons
  An eldritch tentacle (WizLab)
  4 tengu reavers
  Kirke (Lair:5)
  The ghost of Ijustatesigmund the Severer, an adept MiBe of Trog (Orc:2)
  11 sphinxes
  2 storm dragons (Depths:4)
  Ilsuiw (Shoals:4)
  6 nagarajas (Snake:4)
  A draconian monk (Depths:5)
  6 fire giants
  2 revenants
  13 frost giants
  15 vault wardens
  Aizul (Vaults:1)
  A balrug (Depths:3)
  An iron dragon (Depths:3)
  10 deep elf sorcerers
  A ghoul (Crypt:1)
  A curse skull (Crypt:3)
  3 spriggan defenders
  A reaper (Depths:2)
  16 ironheart preservers
  A draconian annihilator (Depths:5)
  6 deep elf elementalists
  18 stone giants
  20 very ugly things
  A stone giant (shapeshifter) (Depths:4)
  3 green draconians (Depths:5)
  26 vampire knights
  6 bennus
  7 deep elf demonologists
  3 entropy weavers
  A red draconian (Depths:5)
  A black draconian (Depths:5)
  8 deep elf annihilators
  9 spark wasps
  9 deep elf death magi
  Snorg (D:13)
  5 merfolk javelineers
  2 eidola
  12 yaktaur captains
  A crystal guardian (Vaults:4)
  8 ettins
  9 merfolk impalers
  5 deep elf high priests (Elf:3)
  2 minotaurs
  13 jiangshi
  14 mummy priests
  7 fire dragons
  8 rakshasas
  Erolcha (D:12)
  9 great orbs of eyes
  2 merfolk avatars
  10 vault guards
  10 centaur warriors
  14 ice dragons
  2 hydras
  A hydra (shapeshifter) (Depths:1)
  7 spriggan air magi
  20 ogre magi
  13 naga warriors
  6 catoblepae
  10 death yaks (Lair:6)
  4 satyrs
  4 merfolk aquamancers (Shoals:4)
  58 two-headed ogres
  7 anacondas
  4 death knights
  9 death scarabs
  6 tengu warriors
  10 dancing weapons
  5 deep troll shamans
  8 deep troll earth magi
  6 shock serpents
  5 orc high priests
  12 vampire magi
  A thrashing horror (WizLab)
  A titan zombie (Crypt:2)
  9 hell knights
  13 naga sharpshooters
  A shock serpent (shapeshifter) (Depths:4)
  4 spriggan berserkers (Depths:4)
  8 deep elf knights
  3 salamander mystics
  A shadow wraith (Crypt:3)
  27 skeletal warriors
  An iron troll (Depths:1)
  14 sea snakes
  A sixfirhy (Depths:2)
  18 deep trolls
  2 glowing orange brains
  A shadow demon (WizLab)
  7 flayed ghosts
  An obsidian statue (WizLab)
  A golden dragon zombie (Crypt:3)
  A gelid demonspawn (Depths:3)
  A death drake (WizLab)
  An unseen horror (Vaults:1)
  2 shadow dragon zombies
  4 naga ritualists
  11 wizards
  5 necromancers
  16 orc knights
  13 ironbrand convokers
  8 deep elf archers
  A wolf spider zombie (Tomb:1)
  4 mana vipers
  18 phantasmal warriors
  2 iron dragon zombies (Crypt:1)
  An orb spider (shapeshifter) (Vaults:1)
  15 harpies
  3 oklob plants (Lair:5)
  57 ugly things
  45 deep elf magi
  12 cyclopes
  7 orc sorcerers
  6 salamanders
  16 fauns
  A salamander (shapeshifter) (D:13)
  4 wolf spiders
  A stone giant zombie (Crypt:3)
  2 fire giant zombies (Crypt:3)
  8 merfolk sirens
  2 shadow dragon skeletons (Crypt:2)
  2 worldbinders (WizLab)
  10 manticores
  3 centaur zombies
  2 dire elephant zombies (Crypt:3)
  7 elephants
  35 black mambas
  A guardian serpent (shapeshifter) (Depths:4)
  10 guardian serpents
  12 spiny frogs
  7 water nymphs
  Psyche (D:8)
  A rust devil (Depths:3)
  13 vault sentinels
  3 gargoyles
  An ice statue (IceCv)
  10 naga magi
  An alligator snapping turtle zombie (Crypt:3)
  A red draconian zombie (Crypt:2)
  4 freezing wraiths
  2 spiny frogs (shapeshifter)
  An orange demon (Depths:3)
  9 komodo dragons
  11 rime drakes
  A redback zombie (D:15)
  A rime drake (shapeshifter) (Vaults:2)
  83 yaktaurs
  A demonic crawler (WizLab)
  2 ancient zymes (WizLab)
  2 red draconian skeletons
  A green draconian skeleton (Crypt:3)
  An ice devil (WizLab)
  A hydra zombie (Tomb:2)
  A red devil (Depths:3)
  2 hellwings (WizLab)
  3 tengu conjurers (Vaults:2)
  A hornet (shapeshifter) (Vaults:2)
  An iron troll skeleton (Crypt:3)
  16 polar bears
  13 guardian mummies
  2 hornets
  7 trolls
  A wind drake (shapeshifter) (Vaults:2)
  16 merfolk
  Prince Ribbit (D:9)
  20 hippogriffs
  2 polar bears (shapeshifter)
  64 slime creatures
  7 wind drakes
  A meliai zombie (D:15)
  10 blink frogs
  2 dream sheep (Shoals:4)
  2 bog bodies (Crypt:1)
  2 fire dragon zombies
  8 snapping turtles
  A human simulacrum (Vaults:2)
  An elf zombie (Depths:1)
  An ettin skeleton (Depths:1)
  An ice dragon skeleton (Crypt:1)
  9 redbacks
  7 air elementals
  A flying skull (Vaults:3)
  A vampire (D:13)
  A tarantella (Vaults:3)
  11 wyverns
  A spriggan skeleton (Depths:1)
  7 water elementals
  4 shadows
  5 basilisks (Lair:5)
  3 ynoxinuls
  14 wraiths
  4 hogs (Lair:5)
  2 chaos spawn
  53 yaks
  9 ushabtiu
  A fire elemental (Elf:1)
  A hog (shapeshifter) (Depths:4)
  4 hungry ghosts
  6 wargs
  A spriggan simulacrum (Depths:1)
  6 vampire mosquitoes
  55 nagas
  A spatial vortex (WizLab)
  A hell hound (WizLab)
  A soldier ant (D:11)
  3 acid dragons
  9 water moccasins
  A warg (shapeshifter) (Depths:4)
  2 infernal demonspawn zombies
  6 porcupines
  A merfolk skeleton (Crypt:3)
  3 floating eyes
  54 orc warriors
  An infernal demonspawn skeleton (Crypt:2)
  2 spiny frog skeletons (Crypt:2)
  13 ice beasts
  A black bear (D:9)
  3 sky beasts
  2 hornet zombies
  An eye of draining (D:13)
  2 snapping turtle zombies (Crypt:3)
  A black bear (shapeshifter) (Vaults:2)
  An eye of draining (shapeshifter) (D:15)
  42 ogres
  A phantom (Vaults:1)
  19 boggarts
  A necrophage (D:10)
  42 wolves
  17 crocodiles
  21 centaurs
  A rime drake skeleton (Crypt:3)
  4 big kobolds
  15 bullfrogs
  A bultungin zombie (Crypt:1)
  10 earth elementals
  A wyvern skeleton (Crypt:1)
  4 scorpions
  A spriggan zombie (Crypt:1)
  15 killer bees
  A warg skeleton (Crypt:2)
  2 electric eels (Snake:2)
  A vampire bat (D:3)
  8 wights
  A howler monkey (D:8)
  4 crimson imps
  3 bullfrog zombies
  7 hounds
  23 orc priests
  27 orc wizards
  A bullfrog skeleton (D:4)
  5 jellies
  3 quasits
  A black bear zombie (Crypt:1)
  9 centaur skeletons
  4 iguanas
  7 worker ants
  6 hell rats (Lair:5)
  A statue (D:5)
  A killer bee zombie (D:8)
  A dwarf zombie (Crypt:2)
  A felid skeleton (Crypt:3)
  26 mummies
  A howler monkey zombie (D:10)
  2 worker ant zombies
  A swamp drake zombie (Crypt:1)
  5 gnolls
  3 howler monkey skeletons
  23 adders
  2 shadow imps
  An ooze (D:2)
  An adder skeleton (D:4)
  An adder zombie (D:8)
  5 worms
  4 dart slugs
  8 leopard geckos
  111 orcs
  A bat zombie (Crypt:2)
  6 giant cockroaches
  9 goblins
  7 hobgoblins
  5 jackals (D:8)
  2 quokkas
  12 bats
  A goblin skeleton (Crypt:1)
  10 kobolds
  A kobold zombie (Crypt:3)
  7 rats
  A river rat zombie (Crypt:3)
  A plant (Lair:5)
2305 creatures vanquished.

Vanquished Creatures (others)
  A lich (Tomb:2)
  A merfolk aquamancer (Shoals:2)
  A wizard (Depths:2)
  A hydra skeleton (Tomb:2)
  A fire elemental (Elf:1)
  An ogre (Vaults:2)
  3 mummies (Tomb:2)
  19 fungi
  11 plants
  4 tentacles (Shoals:2)
43 creatures vanquished.

Grand Total: 2348 creatures vanquished

Notes
Turn   | Place    | Note
-------+----------+-------------------------------------------
     0 | D:1      | 4thArraOfDagon the Mummy Wanderer began the quest for the Orb.
     0 | D:1      | 4thArraOfDagon set off with: a +2 scale mail, a +0 mace, a scroll of teleportation, a +0 dagger
     0 | D:1      | Reached XP level 1. HP: 19/19 MP: 1/1
    48 | D:1      | Reached skill level 2 in Maces & Flails
    65 | D:1      | Reached XP level 2. HP: 21/25 MP: 2/2
   244 | D:4      | Reached XP level 3. HP: 30/30 MP: 3/3
   263 | D:4      | Reached skill level 3 in Maces & Flails
   313 | D:4      | Found Dehawania's Antique Armour Boutique.
   339 | D:5      | Entered Level 5 of the Dungeon
   468 | D:6      | Noticed a bullfrog
   500 | D:6      | Reached XP level 4. HP: 17/37 MP: 4/4
   599 | D:6      | Noticed a sky beast
   670 | D:6      | Killed a sky beast
   670 | D:6      | Reached skill level 4 in Maces & Flails
   670 | D:6      | Reached XP level 5. HP: 25/42 MP: 5/5
   710 | D:6      | Noticed Blork the orc
   713 | D:7      | Noticed a centaur
   714 | D:7      | Noticed a black bear
   721 | D:6      | Noticed krabocopter's ghost (amateur BuWn)
   788 | D:6      | Found a glowing silver altar of Zin.
   799 | D:6      | Killed a centaur
   799 | D:6      | Reached skill level 5 in Maces & Flails
   799 | D:6      | Reached XP level 6. HP: 32/48 MP: 6/6
   863 | D:6      | Found a hazy altar of Hepliaklqana.
   969 | D:7      | Found a shadowy altar of Dithmenos.
  1011 | D:6      | Noticed an orc warrior
  1222 | D:5      | Found a radiant altar of Vehumet.
  1230 | D:5      | Got an opalescent robe
  1345 | D:3      | Found a blossoming altar of Fedhas.
  1366 | D:3      | Found an iron altar of Okawaru.
  1369 | D:3      | Became a worshipper of Warmaster Okawaru
  1423 | D:3      | Reached skill level 6 in Maces & Flails
  2160 | D:2      | Reached skill level 1 in Invocations
  2160 | D:2      | Reached XP level 7. HP: 50/54 MP: 7/7
  2358 | D:2      | Found a faded altar of an unknown god.
  3255 | D:4      | Bought a pair of glowing boots for 165 gold pieces
  3260 | D:4      | Identified a +0 pair of boots of running (You bought it in a shop on level 4 of the Dungeon)
  3323 | D:4      | Reached * piety under Okawaru
  4278 | D:6      | Reached skill level 7 in Maces & Flails
  4279 | D:6      | Identified the +2 robe "Naibo" {rCorr MP+9 Int+3} (You found it on level 5 of the Dungeon)
  4471 | D:9      | Noticed Prince Ribbit
  4588 | D:8      | Reached XP level 8. HP: 57/60 MP: 10/10
  4653 | D:8      | Reached skill level 1 in Dodging
  4721 | D:8      | Learned a level 2 spell: Blink
  4725 | D:8      | Learned a level 3 spell: Mephitic Cloud
  4740 | D:8      | Noticed Psyche
  4760 | D:8      | Killed Psyche
  4760 | D:8      | Reached ** piety under Okawaru
  4781 | D:8      | Got an ominously black robe
  4917 | D:8      | Reached skill level 8 in Maces & Flails
  4940 | D:7      | Found a staircase to the Ecumenical Temple.
  5205 | D:8      | Reached XP level 9. HP: 52/65 MP: 12/12
  5287 | D:9      | Noticed a troll
  5308 | D:9      | HP: 2/65 [troll (12)]
  5312 | D:9      | Killed a troll
  5312 | D:9      | Reached *** piety under Okawaru
  5339 | D:9      | Noticed a troll
  5452 | D:9      | Reached skill level 9 in Maces & Flails
  5452 | D:9      | Reached skill level 5 in Invocations
  5476 | D:9      | Noticed Gastronok
  5526 | D:9      | Found a blossoming altar of Fedhas.
  5616 | D:10     | Entered Level 10 of the Dungeon
  5616 | D:10     | Noticed a gargoyle
  5732 | D:9      | Reached **** piety under Okawaru
  5732 | D:9      | Reached XP level 10. HP: 44/71 MP: 12/14
  6008 | D:10     | Found a hide-covered altar of Uskayaw.
  6069 | D:10     | Found a staircase to the Lair.
  6183 | D:12     | Noticed a cyclops
  6232 | D:13     | Noticed a red ugly thing
  6370 | D:12     | Noticed Erolcha
  6393 | D:12     | Killed Erolcha
  6409 | D:12     | Noticed a cyan ugly thing
  6420 | D:12     | magipi: :D
  6445 | D:12     | Killed a green ugly thing
  6445 | D:12     | Reached ***** piety under Okawaru
  6445 | D:12     | Reached skill level 5 in Armour
  6518 | D:13     | magipi: a 0 flail is the best weapon?
  6585 | D:13     | Reached skill level 10 in Maces & Flails
  6629 | D:12     | Reached skill level 5 in Dodging
  6677 | D:13     | Found Optughir's Armour Boutique.
  6701 | D:13     | 4thArraOfDagon: out of these I have - yep :D
  6701 | D:13     | magipi: annoying
  6701 | D:13     | 4thArraOfDagon: yea, constant struggle
  6704 | D:13     | Noticed a catoblepas
  6704 | D:13     | Noticed a cyclops
  6712 | D:13     | magipi: you need luck to speedrun a mummy
  6728 | D:13     | Noticed a two-headed ogre
  6829 | D:11     | Noticed Josephine
  6859 | D:12     | Noticed a two-headed ogre
  6869 | D:12     | HP: 2/71 [two-headed ogre/giant club (25)]
  6925 | D:11     | Killed a cyclops
  7164 | D:11     | Noticed a white ugly thing
  7174 | D:11     | Noticed a cyclops
  7188 | D:11     | Killed a white ugly thing
  7364 | D:11     | Killed a cyclops
  7364 | D:11     | Received a gift from Okawaru
  7364 | D:11     | Reached XP level 11. HP: 50/77 MP: 15/15
  7393 | D:11     | Identified the +2 robe of Meox {Str+3} (You found it on level 8 of the Dungeon)
  7855 | D:10     | Found a staircase to the Orcish Mines.
  8803 | D:10     | Reached skill level 11 in Maces & Flails
  9137 | D:9      | Killed Prince Ribbit
  9274 | D:11     | Noticed a cyan ugly thing
  9304 | D:11     | Killed a red ugly thing
  9580 | D:11     | Found a bloodstained altar of Trog.
  9761 | D:12     | Noticed a purple ugly thing
  9780 | D:12     | Killed a purple ugly thing
 10253 | D:12     | HP: 3/77 [two-headed ogre/giant club (10)]
 10254 | D:12     | Killed a two-headed ogre
 10421 | D:13     | Killed a catoblepas
 10421 | D:13     | Reached XP level 12. HP: 47/83 MP: 17/17
 10454 | D:13     | Found a portal to a secret trove of treasure.
 10832 | D:13     | Noticed Snorg
 11160 | D:13     | Reached skill level 12 in Maces & Flails
 11254 | Orc:1    | Entered Level 1 of the Orcish Mines
 11258 | Orc:1    | Received a gift from Okawaru
 11407 | Orc:1    | Noticed a two-headed ogre
 11417 | Orc:1    | Killed a two-headed ogre
 11602 | Orc:1    | You fall through a shaft!
 11602 | Orc:2    | Entered Level 2 of the Orcish Mines
 11603 | Orc:2    | ROTLF
 11603 | Orc:2    | 4thArraOfDagon: :)
 11675 | Orc:1    | HP: 4/83 [orc knight/glaive (29)]
 11773 | Orc:1    | Found Miazegh's Distillery.
 11783 | Orc:1    | :P)
 11896 | Orc:2    | Noticed an orc high priest
 11924 | Orc:1    | Killed an orc high priest
 12019 | Orc:2    | Noticed an orc warlord
 12141 | Orc:2    | Found Yhexuruo's Antique Armour Shoppe.
 12157 | Orc:2    | Bought a translucent buckler for 285 gold pieces
 12171 | Orc:2    | Identified the cursed +0 buckler of Virtue {rN+ Int+3} (You bought it in a shop on level 2 of the Orcish Mines)
 12192 | Orc:2    | Noticed an orc high priest
 12215 | Orc:2    | Noticed an orc high priest
 12224 | Orc:2    | Killed an orc high priest
 12241 | Orc:2    | Killed an orc high priest
 12284 | Orc:2    | Gained mutation: You are in touch with the powers of death. [Mummy growth]
 12284 | Orc:2    | Reached XP level 13. HP: 88/88 MP: 16/19
 12368 | Orc:2    | Noticed Ijustatesigmund's ghost (adept MiBe)
 12395 | Orc:2    | Found Ledwe's General Store.
 12399 | Orc:2    | Found a staircase to the Elven Halls.
 12412 | Orc:2    | Found Wofez's Antique Weapon Shoppe.
 12420 | Orc:2    | 4thArraOfDagon: :)
 12420 | Orc:2    | 4thArraOfDagon: cant get lucky :(
 12570 | Orc:2    | http://crawl.xtahua.com/crawl/morgue/Ijustatesigmund/morgue-Ijustatesigmund-20170407-083858.txt
 12682 | Lair:1   | Entered Level 1 of the Lair of Beasts
 12803 | Lair:1   | Found a frozen archway.
 12853 | IceCv    | Entered an ice cave
 12909 | IceCv    | Reached skill level 13 in Maces & Flails
 12983 | IceCv    | Received a gift from Okawaru
 13023 | IceCv    | magipi: all the loot is potions :D
 13248 | IceCv    | Noticed a frost giant
 13273 | IceCv    | Killed a frost giant
 13360 | IceCv    | 4thArraOfDagon: :)
 13545 | Lair:1   | Learned a level 2 spell: Swiftness
 13608 | Lair:1   | Learned a level 3 spell: Vampiric Draining
 13779 | Lair:2   | Identified the Reference Book on Freezing Dislocation
 14274 | Lair:4   | 4thArraOfDagon: last hope
 14342 | Lair:4   | Reached skill level 10 in Invocations
 14360 | Lair:4   | Found a labyrinth entrance.
 14369 | Lab      | Entered a labyrinth
 14550 | Lab      | Noticed a minotaur
 14562 | Lab      | Killed a minotaur
 14562 | Lab      | Reached XP level 14. HP: 88/95 MP: 19/21
 14564 | Lab      | :(
 14572 | Lab      | Identified the +1 leather armour of Pandemonium {rN+++ MR- Str+4 Dex+4} (You found it in a labyrinth)
 14840 | Lair:6   | Entered Level 6 of the Lair of Beasts
 15216 | Lair:6   | Reached skill level 14 in Maces & Flails
 15241 | Lair:6   | Received a gift from Okawaru
 15243 | Lair:6   | :(
 15523 | Lair:6   | Identified the +3 chain mail of Satisfaction {rCorr} (You found it on level 6 of the Lair of Beasts)
 16014 | Lair:6   | Found a staircase to the Slime Pits.
 16333 | Lair:6   | Reached skill level 10 in Armour
 16664 | Lair:5   | Reached skill level 15 in Maces & Flails
 16690 | Lair:5   | Reached XP level 15. HP: 95/100 MP: 22/22
 16706 | Lair:5   | Reached skill level 10 in Dodging
 16826 | Lair:5   | Got a warped plate armour
 16837 | Lair:5   | Identified the cursed +1 plate armour of the Game of Life {Int+3} (You found it on level 5 of the Lair of Beasts)
 16837 | Lair:5   | :(
 16888 | Lair:5   | Noticed Kirke
 16927 | Lair:5   | Killed Kirke
 16927 | Lair:5   | Received a gift from Okawaru
 16931 | Lair:5   | Got a twisted chain mail {god gift}
 16942 | Lair:5   | Identified the +2 chain mail of the Ego {rElec Str+7 Dex+2} (Okawaru gifted it to you on level 5 of the Lair of Beasts)
 16942 | Lair:5   | :./
 17170 | Lair:3   | Found a staircase to the Shoals.
 17187 | Shoals:1 | Entered Level 1 of the Shoals
 17734 | Shoals:1 | Reached skill level 5 in Fighting
 17747 | Shoals:1 | Got a warped ivory amulet
 18139 | D:10     | Identified the amulet "Nyiqev" {Spirit Str+5} (You found it on level 1 of the Shoals)
 18590 | D:15     | Entered Level 15 of the Dungeon
 19467 | D:15     | Received a gift from Okawaru
 19468 | D:15     | Got a bloodstained great mace {god gift}
 19469 | D:15     | Identified the +6 great mace of Perfectionism {crush, rC++ Int-3 SInv} (Okawaru gifted it to you on level 15 of the Dungeon)
 19488 | D:15     | magipi: not bad
 19694 | D:14     | Reached skill level 16 in Maces & Flails
 19775 | D:14     | Reached XP level 16. HP: 107/112 MP: 23/23
 19929 | D:13     | Found a gate to the Vaults.
 19943 | D:13     | Reached skill level 1 in Evocations
 20173 | Orc:2    | Killed Ijustatesigmund's ghost
 20410 | Orc:2    | Found Yhyny's Antique Armour Shop.
 20453 | Orc:2    | Found Heczoqas's Book Shoppe.
 20460 | Orc:2    | Bought a brightly glowing scale mail for 288 gold pieces
 20460 | Orc:2    | Bought a spiked chain mail for 304 gold pieces
 20460 | Orc:2    | Bought a jewelled helmet for 304 gold pieces
 20507 | Orc:2    | magipi: no rF anywhere?
 20519 | Orc:2    | Identified the +0 helmet of Wuekh {rF+} (You bought it in a shop on level 2 of the Orcish Mines)
 20519 | Orc:2    | 4thArraOfDagon: there
 20519 | Orc:2    | 4thArraOfDagon: on command :D
 20519 | Orc:2    | magipi: nice
 20529 | Orc:2    | Identified the +3 chain mail "Cuwn" {rC+ MR- Dex+8 Stlth+} (You bought it in a shop on level 2 of the Orcish Mines)
 20539 | Orc:2    | Identified the cursed +1 scale mail of Ezehisox {Slay+3} (You bought it in a shop on level 2 of the Orcish Mines)
 20560 | Orc:2    | magipi: noo, not the -MR
 20588 | Orc:2    | magipi: ok
 20588 | Orc:2    | 4thArraOfDagon: it looks ok for now
 20824 | Lair:2   | Found a staircase to the Snake Pit.
 20840 | Snake:1  | Entered Level 1 of the Snake Pit
 20882 | Snake:1  | Received a gift from Okawaru
 21011 | Snake:2  | Found a burning altar of Makhleb.
 21195 | Snake:3  | Got a transparent mace
 21196 | Snake:3  | Identified the +8 mace "Tibbayrr" {vamp, rN+ Str-2 Int+4} (You found it on level 3 of the Snake Pit)
 21285 | Snake:4  | Entered Level 4 of the Snake Pit
 21288 | Snake:4  | Noticed Bai Suzhen
 21462 | Snake:3  | Received a gift from Okawaru
 21463 | Snake:3  | Got an ichor-stained great mace {god gift}
 21474 | Snake:3  | Identified the +7 great mace of Tenacity {freeze, rF+ Dex+4} (Okawaru gifted it to you on level 3 of the Snake Pit)
 22024 | Snake:3  | Found Guttes's Book Boutique.
 22024 | Snake:3  | Found Haxzeq's Armour Shop.
 22025 | Snake:3  | Found Oxullyph's Weapon Boutique.
 22027 | Snake:3  | Found Buozoxt's Distillery.
 22044 | Snake:3  | Bought a scarf of resistance for 544 gold pieces
 22695 | Snake:2  | Received a gift from Okawaru
 23101 | Snake:4  | Killed Bai Suzhen
 23140 | Snake:4  | Reached XP level 17. HP: 105/122 MP: 21/24
 23431 | Snake:4  | Reached ****** piety under Okawaru
 23445 | Snake:4  | Reached skill level 17 in Maces & Flails
 23507 | Snake:4  | Received a gift from Okawaru
 23699 | Snake:4  | Noticed Vashnia
 23709 | Snake:4  | Killed Vashnia
 23787 | Snake:4  | Reached skill level 5 in Evocations
 24006 | Snake:4  | Received a gift from Okawaru
 24008 | Snake:4  | Got a jewelled scarf {god gift}
 24041 | Snake:4  | Identified the scarf "Boicwul" {rC+} (Okawaru gifted it to you on level 4 of the Snake Pit)
 24156 | Snake:4  | Got a serpentine rune of Zot
 25057 | Shoals:3 | Reached XP level 18. HP: 132/132 MP: 25/25
 25107 | Shoals:3 | Reached skill level 1 in Necromancy
 25177 | Shoals:3 | Reached skill level 1 in Spellcasting
 25194 | Shoals:3 | Noticed Mara
 25254 | Shoals:4 | Entered Level 4 of the Shoals
 25734 | Shoals:4 | Noticed Ilsuiw
 25770 | Shoals:4 | Killed Ilsuiw
 26094 | Shoals:4 | Received a gift from Okawaru
 26210 | Shoals:4 | Got a barnacled rune of Zot
 26521 | Elf:1    | Entered Level 1 of the Elven Halls
 26909 | Elf:1    | Identified the Compendium of the Entourage
 26936 | Elf:1    | Reached skill level 5 in Necromancy
 26958 | Elf:1    | Learned a level 5 spell: Aura of Abjuration
 27064 | Elf:3    | Entered Level 3 of the Elven Halls
 27684 | Elf:3    | Received a gift from Okawaru
 27685 | Elf:3    | Identified the +0 ring mail "Fogeik" {rPois rCorr Int+4 Slay-3} (Okawaru gifted it to you on level 3 of the Elven Halls)
 27761 | Elf:3    | Got a translucent zirconium amulet
 27768 | Elf:3    | Identified the amulet "Ciapt" {+Blink Regen+ Stlth+} (You took it off a deep elf elementalist on level 3 of the Elven Halls)
 27792 | Elf:3    | Reached skill level 18 in Maces & Flails
 27842 | Elf:3    | Reached skill level 10 in Fighting
 27844 | Elf:3    | Identified the +2 battleaxe of Emood {venom, rF+ MR+ Int+2} (You took it off a deep elf elementalist on level 3 of the Elven Halls)
 27896 | Elf:3    | Identified a scroll of acquirement
 27898 | Elf:3    | Got a warped amber ring
 27914 | Elf:3    | Identified Sif Muna's Grimoire of Flying Shape Shifting
 27918 | Elf:3    | Learned a level 2 spell: Passwall
 27924 | Elf:3    | Learned a level 5 spell: Silence
 27934 | Elf:3    | Got an ancient bronze ring
 27937 | Elf:3    | Got a spiked chain mail
 27947 | Elf:3    | Identified the ring of Light {*Tele rF+ MR++ Str-2 Dex+2} (You took it off a deep elf sorcerer on level 3 of the Elven Halls)
 27949 | Elf:3    | Identified the ring of Jeymefa {Str+2 Int+2 Slay+3} (You found it on level 3 of the Elven Halls)
 27981 | Elf:3    | Identified the +6 chain mail of the Barber Surgeon {*Drain rPois rF++ Str+2} (You found it on level 3 of the Elven Halls)
 28150 | Elf:3    | Reached skill level 5 in Spellcasting
 28182 | Elf:3    | Reached XP level 19. HP: 140/140 MP: 26/26
 28324 | Elf:3    | Reached skill level 1 in Hexes
 28328 | Elf:3    | Reached skill level 1 in Air Magic
 28820 | Elf:1    | Found Qid Baw Jei's Antique Weapon Boutique.
 29101 | Orc:2    | Bought a manual of Evocations for 1435 gold pieces
 29101 | Orc:2    | Upgraded the game from 0.20-a0-967-g62cfa5d to 0.20-a0-972-gb9bd3e6
 29212 | D:13     | Killed Snorg
 29266 | Vaults:1 | Entered Level 1 of the Vaults
 29332 | Vaults:1 | Found an iron altar of Okawaru.
 29571 | Vaults:1 | Reached skill level 10 in Evocations
 29606 | Vaults:1 | Identified the cursed +2 shortbow of the Boar {flame, rN+} (You found it on level 1 of the Vaults)
 29765 | Vaults:1 | Noticed Aizul
 29784 | Vaults:1 | Killed Aizul
 29975 | Vaults:1 | Received a gift from Okawaru
 29989 | Vaults:1 | Got an encrusted helmet {god gift}
 30000 | Vaults:1 | Identified the +0 helmet "Doyxodgh" {Dex+6} (Okawaru gifted it to you on level 1 of the Vaults)
 30284 | Vaults:2 | Reached XP level 20. HP: 130/147 MP: 29/29
 30816 | Vaults:2 | Found Xaompuur's Gadget Emporium.
 30948 | Vaults:2 | Found a radiant altar of Vehumet.
 30962 | Vaults:2 | Got a transparent hat
 31003 | Vaults:2 | Identified the +2 hat of the Soldier {rF+++ MP-9 Str+4 Stlth+} (You found it on level 2 of the Vaults)
 31339 | Vaults:3 | Found Witau's General Store.
 31354 | Vaults:3 | Bought a scroll of identify for 42 gold pieces
 31354 | Vaults:3 | Bought a scroll of identify for 42 gold pieces
 32149 | Vaults:3 | Noticed Margery
 32154 | Vaults:3 | Killed Margery
 32228 | Vaults:3 | Reached skill level 5 in Hexes
 32350 | Vaults:2 | Received a gift from Okawaru
 32697 | Vaults:4 | Received a gift from Okawaru
 32708 | Vaults:4 | Reached XP level 21. HP: 118/156 MP: 13/30
 32718 | Vaults:4 | Reached skill level 5 in Air Magic
 33256 | Vaults:4 | HP: 1/156 [entropy weaver (14)]
 34040 | Vaults:4 | Found Wodd's Antique Armour Emporium.
 34047 | Vaults:4 | Bought a pair of fine gloves for 304 gold pieces
 34057 | Vaults:4 | Identified the cursed +0 pair of gloves "Xumem" {-Cast MR+ Stlth+} (You bought it in a shop on level 4 of the Vaults)
 34517 | Vaults:4 | Received a gift from Okawaru
 35047 | D:15     | Found a staircase to the Depths.
 35073 | Depths:1 | Entered Level 1 of the Depths
 35101 | Depths:1 | Reached skill level 10 in Necromancy
 35141 | Depths:1 | Found a gateway to Hell.
 35186 | Depths:1 | Received a gift from Okawaru
 35220 | Depths:1 | Found a magical portal.
 35249 | WizLab   | Entered The Roulette of Golubria
 35251 | WizLab   | Found a corrupted altar of Lugonu.
 35394 | WizLab   | Reached skill level 19 in Maces & Flails
 35439 | WizLab   | Learned a level 8 spell: Controlled Blink
 35443 | WizLab   | Found a corrupted altar of Lugonu.
 35494 | WizLab   | Got a warped cloak
 35498 | WizLab   | Got a faintly glowing cloak
 35543 | Depths:1 | Identified the -3 cloak of Piohovor {rC- Int+5 SInv} (You found it in a wizard's laboratory)
 35553 | Depths:1 | Identified the cursed +0 cloak "Zejos" {Str+3} (You found it in a wizard's laboratory)
 35637 | Depths:1 | Reached skill level 1 in Translocations
 35875 | Depths:1 | Found a gateway to a ziggurat.
 35876 | Depths:1 | Found a one-way gate to the infinite horrors of the Abyss.
 35961 | Depths:1 | Reached XP level 22. HP: 137/165 MP: 22/31
 36129 | Depths:2 | Noticed Nikola
 36152 | Depths:2 | Killed Nikola
 36404 | Depths:2 | Got a dazzling ring mail
 36658 | Depths:2 | Received a gift from Okawaru
 36798 | Depths:2 | Paralysed by a floating eye for 4 turns
 37229 | Depths:2 | Found a one-way gate leading to the halls of Pandemonium.
 37360 | Depths:3 | Identified the +1 ring mail of Reason {rC- Str+6 Dex-5} (You found it on level 2 of the Depths)
 37584 | Depths:3 | Reached skill level 5 in Translocations
 37693 | Depths:3 | Received a gift from Okawaru
 37704 | Depths:3 | Found Yrrilar's Armour Boutique.
 37729 | Depths:3 | Noticed Saint Roka
 37736 | Depths:3 | Killed Saint Roka
 37779 | Depths:3 | Found a runed door.
 37870 | Depths:3 | Found Zoampum's General Store.
 37902 | Depths:3 | Reached XP level 23. HP: 164/173 MP: 21/36
 38175 | Depths:3 | Noticed Boris
 38190 | Depths:3 | Killed Boris
 38338 | Depths:3 | Bought the +4 scale mail "Wacilesh" {rElec Regen+ rCorr Dex+4} for 676 gold pieces
 38515 | Depths:3 | Received a gift from Okawaru
 38734 | Depths:4 | Noticed Jory
 38754 | Depths:4 | Killed Jory
 38825 | Depths:4 | Reached skill level 15 in Armour
 38909 | Depths:5 | Entered Level 5 of the Depths
 39041 | Depths:4 | Found a snail-covered altar of Cheibriados.
 39042 | Depths:4 | Found a blossoming altar of Fedhas.
 39042 | Depths:4 | Found a sacrificial altar of Ru.
 39208 | Depths:4 | Noticed a juggernaut
 39233 | Depths:4 | Received a gift from Okawaru
 39240 | Depths:4 | Killed a juggernaut
 39259 | Depths:4 | Noticed a juggernaut
 39269 | Depths:4 | Killed a juggernaut
 39349 | Depths:4 | Noticed a juggernaut
 39365 | Depths:4 | Killed a juggernaut
 39438 | Depths:4 | Noticed a juggernaut
 39452 | Depths:4 | Killed a juggernaut
 39601 | Depths:4 | Reached XP level 24. HP: 159/179 MP: 27/36
 39646 | Depths:4 | Received a gift from Okawaru
 40122 | Depths:4 | Noticed an ancient lich
 40151 | Depths:4 | Killed an ancient lich
 40196 | Depths:4 | Noticed a juggernaut
 40216 | Depths:4 | Killed a juggernaut
 40216 | Depths:4 | Reached skill level 10 in Spellcasting
 40246 | Depths:4 | Paralysed by a floating eye for 2 turns
 40274 | Depths:4 | Got an ebony hand crossbow
 40276 | Depths:4 | Identified the +0 hand crossbow of Qazlal's Envy {velocity, Fragile rN+ Dex+2} (You found it on level 4 of the Depths)
 40311 | Depths:4 | Noticed a juggernaut
 40327 | Depths:4 | Killed a juggernaut
 40413 | Depths:5 | Paralysed by a floating eye for 2 turns
 40512 | Depths:5 | Found a gate to the Realm of Zot.
 40546 | Depths:5 | Noticed Mennas
 41804 | Vaults:3 | Found a staircase to the Crypt.
 41807 | Crypt:1  | Entered Level 1 of the Crypt
 42418 | Depths:3 | Bought the +0 mask of the Dragon {MR+ Slay+3 SInv} for 434 gold pieces
 43439 | Crypt:3  | Entered Level 3 of the Crypt
 43499 | Crypt:3  | Reached XP level 25. HP: 185/185 MP: 38/38
 43778 | Crypt:3  | Found a staircase to the Tomb.
 44268 | Crypt:3  | Found an ancient bone altar of Kikubaaqudgha.
 44322 | Crypt:3  | Received a gift from Okawaru
 44437 | Crypt:3  | Learned a level 4 spell: Control Undead
 44442 | Crypt:3  | Learned a level 4 spell: Animate Dead
 44544 | Crypt:3  | Reached skill level 10 in Translocations
 45224 | Snake:3  | Bought a manual of Maces & Flails for 1656 gold pieces
 45565 | Tomb:1   | Entered Level 1 of the Tomb of the Ancients
 45663 | Tomb:1   | Received a gift from Okawaru
 45663 | Tomb:1   | Reached skill level 1 in Unarmed Combat
 46088 | Tomb:1   | Identified the Incunabulum of Toxins
 46287 | Tomb:1   | Noticed a greater mummy
 46310 | Tomb:1   | Killed a greater mummy
 46377 | Tomb:2   | Noticed a greater mummy
 46377 | Tomb:2   | Noticed a greater mummy
 46377 | Tomb:2   | Noticed a greater mummy
 46496 | Tomb:1   | Reached skill level 20 in Maces & Flails
 46508 | Tomb:1   | Killed a greater mummy
 46601 | Tomb:1   | Killed a greater mummy
 46723 | Tomb:1   | Killed a greater mummy
 46724 | Tomb:1   | jacquesderrida: Slovinskis
 46748 | Tomb:2   | Noticed a greater mummy
 46827 | Tomb:1   | Killed a greater mummy
 46933 | Tomb:2   | Reached skill level 21 in Maces & Flails
 46933 | Tomb:2   | Gained mutation: You are strongly in touch with the powers of death. [Mummy growth]
 46933 | Tomb:2   | Reached XP level 26. HP: 120/192 MP: 37/39
 46987 | Tomb:2   | Received a gift from Okawaru
 47546 | Tomb:1   | Noticed a greater mummy
 47568 | Tomb:1   | Killed a greater mummy
 47569 | Tomb:1   | Noticed a greater mummy
 47573 | Tomb:1   | Noticed a greater mummy
 47631 | Tomb:1   | Noticed a greater mummy
 47633 | Tomb:1   | Killed a greater mummy
 47647 | Tomb:2   | Killed a greater mummy
 47691 | Tomb:2   | Killed a greater mummy
 47718 | Tomb:1   | Noticed a greater mummy
 47749 | Tomb:1   | Killed a greater mummy
 47796 | Tomb:1   | Noticed a greater mummy
 47817 | Tomb:1   | Killed a greater mummy
 47819 | Tomb:1   | Noticed a greater mummy
 47819 | Tomb:1   | Noticed a greater mummy
 47857 | Tomb:1   | Killed a greater mummy
 47866 | Tomb:1   | Killed a greater mummy
 47926 | Tomb:1   | Noticed a greater mummy
 47946 | Tomb:1   | Killed a greater mummy
 47951 | Tomb:1   | Noticed a greater mummy
 47960 | Tomb:1   | Killed a greater mummy
 47960 | Tomb:1   | Reached skill level 22 in Maces & Flails
 47967 | Tomb:1   | Noticed a greater mummy
 47995 | Tomb:1   | Killed a greater mummy
 48063 | Tomb:1   | Noticed a greater mummy
 48103 | Tomb:1   | Killed a greater mummy
 48103 | Tomb:1   | Received a gift from Okawaru
 48133 | Tomb:1   | Noticed a greater mummy
 48169 | Tomb:1   | Killed a greater mummy
 48220 | Tomb:1   | Noticed a greater mummy
 48220 | Tomb:1   | Noticed a greater mummy
 48220 | Tomb:1   | Noticed a greater mummy
 48220 | Tomb:1   | Noticed a greater mummy
 48225 | Tomb:1   | Noticed a greater mummy
 48231 | Tomb:1   | Killed a greater mummy
 48240 | Tomb:1   | Killed a greater mummy
 48247 | Tomb:1   | Killed a greater mummy
 48306 | Tomb:1   | Noticed a greater mummy
 48316 | Tomb:1   | Killed a greater mummy
 48336 | Tomb:1   | HP: 9/192 [death scarab[a greater mummy] (21)]
 48347 | Tomb:1   | Slain by a death scarab

Vault maps used:
D:1:      minmay_arrival_solitary_statue
D:2:      chequers_ecumenical_altar_twisty
D:3:      okawaru_trees_2, roderic_batcave, fedhas_altar_2
D:4:      serial_shops, kennysheep_little_box
D:5:      vehumet_statue, first_bread
D:6:      lemuel_doored_altar, old_standard_altar, sword_in_stone
D:7:      minmay_temple_entry_glassed_door, grunt_ogre_cave,
          minmay_tree_intersection, grunt_dithmenos_shadows
D:8:      uniq_psyche
D:9:      old_standard_altar, uniq_prince_ribbit1, uniq_gastronok
D:10:     lair_entry_dummy, erik_orc_3, basic_altar, special_room
D:11:     bloody_trog, uniq_josephine
D:12:     uniq_erolcha
D:13:     hangedman_vaults_entry_quadrant_bands,
          nicolae_trove_entry_path_of_doom, serial_shops, shop_coins, uniq_snorg
D:14:     st_stairs_3
D:15:     grunt_enter_depths_hoard, serial_bayou_pond_c, nrook_loot_triangle
Lair:1:   portal_ice_cave_entry_ice_beasts, minmay_hedge_maze,
          serial_bayou_shore_b
Lair:2:   guppyfry_snake_entry_garden, lemuel_fruit_fields, lemuel_fruit_tree
Lair:3:   minmay_lair_venomous_thicket, minmay_shoals_entry_hut,
          grunt_forest_large_clearings, lemuel_fruit_fields
Lair:4:   lab_entry_generic, minivault_24
Lair:5:   beast_lair_carwin_4, grunt_megastairs_2, minmay_lair_oklob_chamber,
          uniq_kirke
Lair:6:   evilmike_catoblepas_cave, minmay_slime_entry_pillars,
          hibernation_bobbens, grunt_megastairs_3, serial_bayou_shore_b,
          serial_bayou_shore_b
Shoals:2: nicolae_shoals_kraken_intersection
Shoals:3: kb_tengu_band, uniq_mara
Shoals:4: shoals_end_grunt_ice, shoals_ilsuiw_alternative
Snake:1:  grunt_ministairs_6, st_stairs_5
Snake:2:  basic_altar, serial_bayou_ford_a
Snake:3:  grunt_megastairs_4, minmay_shoptagon
Snake:4:  johnstein_snake_rune_scales, uniq_bai_suzhen
Orc:1:    serial_shops, shop, statue_in_the_mist_lemuel
Orc:2:    grunt_orc_gardens, grunt_orc_garden, grunt_orc_garden,
          grunt_orc_garden, grunt_orc_garden, serial_shops, shop,
          nicolae_orc_sculptors_studio
Elf:1:    serial_shops, nicolae_shop_waterfront, minmay_elf_demonology,
          solitary_fountain
Elf:2:    guppyfry_elf_garden
Elf:3:    minmay_elf_hall_curves, serial_sigils, serial_sigils_hangedman_scar,
          serial_sigils_hangedman_shear, serial_sigils_hangedman_confine,
          serial_sigils_hangedman_quiver, serial_sigils_hangedman_snap
Vaults:1: vaults_room_door_hall, hangedman_vaults_river_flow,
          ontoclasm_vaults_eye, ontoclasm_vaults_chip, v_misc_29, v_misc_29,
          vaults_room_large_hall, vaults_room_pools, basic_altar, uniq_aizul
Vaults:2: grunt_tower_of_power, hangedman_vaults_maws, v_misc_27,
          nicolae_vaults_little_ls, hangedman_vaults_snaps,
          nicolae_vaults_inception_corners, grunt_vaults_twisty, v_misc_12,
          nicolae_vaults_theta, grunt_vaults_hallway_long,
          vaults_room_stairs_pillars, nicolae_vaults_little_squares_4,
          vaults_room_stairs_pillars, serial_shops, nicolae_shop_window_shopping
Vaults:3: vaults_room_octagon, vaults_dpeg_cross, st_smaller_cells,
          serial_ice_g, minmay_crypt_entry_simple_box, vaults_room_large_hall,
          v_misc_8, v_rooms_2, v_misc_11, ontoclasm_vaults_ring_square,
          nicolae_vaults_alarming, nicolae_vaults_big_ls, v_misc_2,
          ontoclasm_vaults_shuriken, nicolae_vaults_border_crossing,
          nicolae_vaults_little_squares_1, serial_shops, shop, uniq_margery
Vaults:4: nicolae_vaults_sealed_display, ontoclasm_vaults_spin,
          nicolae_vaults_network_star, v_misc_16, v_pattern_5,
          ontoclasm_vaults_misaligned, vaults_room_door_hall, serial_shops, shop
Crypt:1:  st_chilly_death
Crypt:2:  minmay_strange_pillars, minivault_5, st_stairs_6
Crypt:3:  church_of_pain_bobbens
Depths:1: enter_ziggurat_f, serial_sigils_hangedman_quiver, hell_entry,
          lightli_enter_wizlab_magi_temple, abyss_entry,
          kennysheep_just_a_vault, grunt_megastairs_1
Depths:2: minmay_tri_stars, minmay_door_square, rand_demon_pan_entry_3,
          hell_entry, hangedman_abyss_or_decor_lesser_grid,
          wheals_unrand_guarded_autumn_katana, uniq_nikola
Depths:3: minmay_gate_of_8, hell_entry, serial_bayou_pond_a, serial_shops, shop,
          shop, rand_demon_pan_entry_9, hangedman_cracks_in_the_wall,
          uniq_saint_roka, uniq_boris
Depths:4: hangedman_slaughterboxes, abyss_entry, hell_entry, uniq_jory
Depths:5: grunt_crosshair, minmay_crystal_water, grunt_metal_band, pan_entry,
          uniq_mennas
Lab:      nicolae_lab_dead_adventurers, nicolae_lab_very_dead_end
IceCv:    ice_cave_small_giant
WizLab:   wizlab_golubria

Skill      XL: |  1  2  3  4  5  6  7  8  9 10 11 12 13 14 15 16 17 18 19 20 21 22 23 24 25 26 |
---------------+-------------------------------------------------------------------------------+-----
Maces & Flails | 2 3 4 5 6 7 8 9 10 11 12 13 15 16 17 18 19 21 22 | 22.0
Invocations    | 1 3 4 5 6 7 8 10 | 10.6
Armour         | 3 4 5 6 7 8 10 11 12 13 17 18 19 | 19.2
Dodging        | 2 3 5 6 7 8 9 10 11 12 13 14 | 14.0
Fighting       | 6 7 9 10 11 12 | 12.3
Evocations     | 3 5 6 13 | 13.1
Necromancy     | 6 8 10 | 10.1
Spellcasting   | 5 6 9 11 12 | 12.5
Hexes          | 2 5 7 9 |  9.3
Air Magic      | 2 4 7 8 |  8.8
Translocations | 2 5 8 10 11 | 11.5
Unarmed Combat | 4 |  4.0
Stealth        | |  1.5

Action                   |  1- 3 |  4- 6 |  7- 9 | 10-12 | 13-15 | 16-18 | 19-21 | 22-24 | 25-27 || total
-------------------------+-------+-------+-------+-------+-------+-------+-------+-------+-------++-------
Melee: Mace              |    85 |   195 |    29 |   253 |       |       |       |       |       ||   562
       Flail             |       |       |   439 |   640 |       |       |       |       |       ||  1079
       Punch             |       |       |     4 |    14 |    34 |       |       |       |       ||    52
       Morningstar       |       |       |       |   474 |  1792 |       |       |       |       ||  2266
       Great mace        |       |       |       |       |    64 |  1485 |  1681 |  1625 |  1061 ||  5916
Throw: Throwing net      |       |       |       |     1 |     2 |     6 |       |     1 |     2 ||    12
 Cast: Silence           |       |       |       |       |       |       |       |       |    20 ||    20
Invok: Heroism           |       |       |     8 |    47 |    61 |    74 |    76 |    71 |    45 ||   382
       Finesse           |       |       |       |     2 |     2 |     9 |    16 |    19 |     9 ||    57
 Abil: Evoke Blink       |       |       |       |       |       |       |       |       |     5 ||     5
Evoke: Wand              |       |     2 |    23 |    46 |     6 |    16 |     7 |     4 |     2 ||   106
       Phantom mirror    |       |       |       |     1 |       |       |       |       |       ||     1
       Lightning rod     |       |       |       |       |       |       |     4 |       |     1 ||     5
       Lamp of fire      |       |       |       |       |       |       |     1 |       |     1 ||     2
       Sack of spiders   |       |       |       |       |       |       |     1 |       |     1 ||     2
  Use: Scroll            |     2 |     5 |     3 |    18 |    12 |    14 |    17 |     7 |     7 ||    85
 Stab: Confused          |       |       |     2 |    15 |       |       |       |       |       ||    17
       Paralysed         |       |       |       |    10 |     1 |       |       |       |       ||    11
       Held in net/web   |       |       |       |     2 |     2 |     4 |       |     1 |       ||     9
       Sleeping          |       |       |       |     2 |     7 |       |     1 |     5 |     1 ||    16
       Distracted        |       |       |       |     2 |     1 |     1 |       |     2 |       ||     6
       Petrified         |       |       |       |       |     3 |       |     1 |     1 |       ||     5
       Petrifying        |       |       |       |       |       |       |     1 |       |       ||     1
Armor: Scale mail        |    60 |   135 |   209 |       |       |       |       |   197 |   270 ||   871
       Troll leather arm |       |       |     3 |   270 |   248 |       |       |       |       ||   521
       Chain mail        |       |       |       |       |   241 |   409 |   322 |   133 |       ||  1105
Dodge: Dodged            |    42 |   113 |   228 |   804 |  1368 |   945 |   833 |   890 |   812 ||  6035
